 Dungeon Crawl Stone Soup version 0.24-a0-201-gf2055891f0 (webtiles) character file.

Game seed: 5598346422911369754

171 temitten the Poker (level 5, -1/42 HPs)
             Began as a Merfolk Monk on Mar 20, 2019.
             Slain by an orc
             ... wielding a +0 hand axe
              (2 damage)
             ... on level 2 of the Dungeon.
             The game lasted 00:03:04 (1593 turns).

temitten the Poker (Merfolk Monk)                   Turns: 1593, Time: 00:03:04

Health: -1/42      AC:  6    Str: 13    XL:     5   Next: 51%
Magic:  5/5        EV: 11    Int:  9    God:
Gold:   83         SH:  0    Dex: 16    Spells: 4/4 levels left

rFire    . . .     SeeInvis .   a - +0 spear
rCold    . . .     Gourm    .   (no shield)
rNeg     . . .     Faith    .   j - +0 scale mail
rPois    .         Spirit   .   (no helmet)
rElec    .         Reflect  .   (no cloak)
rCorr    .         Harm     .   (no gloves)
MR       .....                  (no boots)
Stlth    +.........             (no amulet)
HPRegen  0.14/turn              (no ring)
MPRegen  0.09/turn              (no ring)

@: no status effects
A: change form in water, swift swim, stealthy swim
a: no special abilities


You were on level 2 of the Dungeon.
You were not hungry.

You visited 1 branch of the dungeon, and saw 2 of its levels.

You collected 83 gold pieces.

Inventory:

Hand Weapons
 a - a +0 spear (weapon)
Missiles
 b - 27 stones (quivered)
Armour
 f - a +0 chain mail
   (You found it on level 1 of the Dungeon)
 j - a +0 scale mail (worn)
   (You found it on level 1 of the Dungeon)
Scrolls
 g - 2 scrolls of amnesia {unknown}
 h - 3 scrolls of identify {@r1}
 i - 2 scrolls of enchant armour {unknown}
Potions
 d - 2 potions of flight
 k - a potion of invisibility
Comestibles
 c - 4 chunks of flesh
 e - a ration {!d}


   Skills:
 + Level 4.1 Fighting
 * Level 6.5 Polearms
 + Level 5.1 Dodging
 - Level 3.2 Stealth


You had 4 spell levels left.
You didn't know any spells.
Your spell library was empty.

Dungeon Overview and Level Annotations

Branches:
Dungeon (2/15)

Altars:


Message History

Deactivating autopickup; reactivate with Ctrl-A.
The orc hits you.
You hit the orc but do no damage. You hit the orc.
You kill the orc!
Your scale mail prevents you from hitting the orc priest.
The orc priest hits you but does no damage.
You hit the orc priest.
A jackal comes into view.
You hit the orc priest but do no damage.
The jackal misses you.
The orc priest looks encouraged for a moment.
You hit the orc priest but do no damage.
The jackal bites you but does no damage. x2
You barely miss something. The jackal barely misses you.
You hit the orc priest but do no damage.
Something hits you but does no damage. The orc priest completely misses you.
The jackal barely misses you.
You hit the orc priest but do no damage.
The jackal barely misses you.
You hit the orc priest but do no damage.
An orc priest comes into view. It is wielding a +0 dagger.
Something hits you but does no damage. The orc priest hits you with a +0 mace.
The jackal misses you.
You hit the orc priest.
The jackal bites you but does no damage.
Something hits you but does no damage.
The orc priest calls down the wrath of Beogh upon you.
Pain shoots through your body!
You hit the orc priest.
The jackal bites you but does no damage.
Something hits you!
* * * LOW HITPOINT WARNING * * *
The orc priest mumbles some strange prayers to Beogh against you.
Beogh smites you!
* * * LOW HITPOINT WARNING * * *
You hit the orc priest but do no damage.
You completely miss the orc priest.
The jackal bites you but does no damage.
The jackal barely misses you. The orc priest hits you with a +0 mace!
* * * LOW HITPOINT WARNING * * *
Something hits you.
* * * LOW HITPOINT WARNING * * *
As you read the scroll labeled APSOOSE ZAYL, it crumbles to dust.
It is a scroll of identify.
d - 2 potions of flight The jackal bites you but does no damage.
The jackal closely misses you. Something hits you.
You die...

#.# #.# ##.## #...# #...#
#...# # #####...##### ##.####
#...........####o.....#
...............@..###hh.....#
#####...##### #...?...# #...#
#........ #...# #..#.##.#
#...# #...... # ##.##
##.#.### ######.## ...
#.......#


You could see 2 orc priests and 2 jackals.

Vanquished Creatures
  An ogre (D:2)
  A howler monkey (D:2)
  An ooze (D:2)
  A leopard gecko (D:2)
  An orc (D:2)
  A ball python (D:1)
  3 giant cockroaches
  5 goblins (D:1)
  9 hobgoblins
  4 jackals (D:1)
  6 bats (D:1)
  3 frilled lizards (D:1)
  4 kobolds
  4 rats
44 creatures vanquished.

Vanquished Creatures (others)
  4 toadstools (D:1)
4 creatures vanquished.

Grand Total: 48 creatures vanquished

Notes
Turn   | Place    | Note
-------+----------+-------------------------------------------
     0 | D:1      | temitten the Merfolk Monk began the quest for the Orb.
     0 | D:1      | Reached XP level 1. HP: 18/18 MP: 1/1
   123 | D:1      | Reached XP level 2. HP: 24/24 MP: 2/2
   372 | D:1      | Reached skill level 5 in Polearms
   557 | D:1      | Reached XP level 3. HP: 29/29 MP: 3/3
  1191 | D:2      | Noticed an ogre
  1202 | D:2      | Killed an ogre
  1202 | D:2      | Reached skill level 6 in Polearms
  1202 | D:2      | Reached XP level 4. HP: 19/37 MP: 4/4
  1202 | D:2      | Reached XP level 5. HP: 22/42 MP: 5/5
  1398 | D:2      | Reached skill level 5 in Dodging
  1592 | D:2      | HP: 1/42 [something (2)]
  1593 | D:2      | Slain by an orc

Levels and vault maps discovered:
D:1:      ldierk_water_garden, layout_loops_ring, minmay_hedge_maze,
          minmay_misc_feat_tiny
D:2:      layout_loops_cross, first_ration, corexii_shack

Skill      XL: |  1  2  3  4  5 |
---------------+----------------+-----
Polearms       | 5 6 |  6.5
Fighting       | 4 |  4.1
Stealth        | 3 |  3.2
Dodging        | 5 |  5.1

Action                   |  1- 3 |  4- 6 || total
-------------------------+-------+-------++-------
Melee: Spear             |   128 |    52 ||   180
  Use: Scroll            |       |     1 ||     1
 Stab: Sleeping          |     5 |       ||     5
  Eat: Chunk             |     1 |     1 ||     2
Armor: Robe              |    10 |       ||    10
       Scale mail        |    15 |    17 ||    32
Dodge: Dodged            |    67 |    19 ||    86

Table legend:
 A = Non-vault XP
 B = Vault XP
 C = Vault XP percentage of total XP
 D = Non-vault monster count
 E = Vault monster count
 F = Vault count percentage of total count
                 A         B        C        D         E       F
            +---------+---------+-------+---------+---------+-------
      Total |     245 |       0 |   0.0 |      44 |       0 |   0.0
            +---------+---------+-------+---------+---------+-------
        D:1 |      58 |       0 |   0.0 |      33 |       0 |   0.0
        D:2 |     187 |       0 |   0.0 |      11 |       0 |   0.0
            +---------+---------+-------+---------+---------+-------
